[Event "Titled Tuesday Blitz May 9 Early 2023"]
[White "Aung Thant Zin"]
[Black "Matveeva, Olga"]
[WhiteFideId "13000063"]
[BlackFideId "24107018"]
[WhiteElo "2278"]
[BlackElo "2009"]
[Result "0-1"]
[Round "05"]
[TimeControl "180+2"]
[Date "2023.05.09"]
[WhiteClock "0:00:00"]
[BlackClock "0:00:02"]

1. c4 c5 2. Nf3 Nc6 3. d4 cxd4 4. Nxd4 g6 5. Nc3 Bg7 6. e3 Nf6 7. Be2 O-O 8. O-O d6 9. b3 Bd7 10. Bb2 a6 11. Qd2 Qa5 12. Rad1 Rfe8 13. Nd5 Qxd2 14. Rxd2 Nxd5 15. cxd5 Nxd4 16. Bxd4 Rec8 17. Bxg7 Kxg7 18. e4 Rc7 19. f4 Rac8 20. Kf2 Rc2 21. Rfd1 a5 22. Ke3 R2c3+ 23. Kd4 a4 24. Bc4 Bg4 25. Re1 axb3 26. axb3 R3xc4+ 27. bxc4 Ra8 28. Rb1 Bc8 29. e5 Ra4 30. Rb6 dxe5+ 31. fxe5 f6 32. exf6+ exf6 33. Rdb2 Kf7 34. R6b4 Ra1 35. c5 Rd1+ 36. Kc4 Ke7 37. Re2+ Kd8 38. d6 Rc1+ 39. Kd3 Rxc5 40. Re7 Rd5+ 41. Rd4 Rxd6 42. Rxd6+ Kxe7 43. Rd4 Be6 44. g3 b5 45. Kc3 Bc4 46. Kb4 Ke6 47. Kc5 h5 48. h4 Ke5 49. Rf4 g5 50. Rd4 Kf5 51. Kd6 Kg6 52. Ke7 Kf5 53. Rd6 gxh4 54. gxh4 Kg4 55. Rd4+ Kf5 56. Kd6 Kg6 57. Kc5 Kf5 58. Kb4 Ke6 59. Kc3 Kf5 60. Kd2 Kg6 61. Ke3 Kf5 62. Rf4+ Kg6 63. Kf3 Bd5+ 64. Kg3 Bc4 65. Rf2 Bd5 66. Kf4 Bc4 67. Rb2 Kf7 68. Rd2 Kg6 69. Rd4 Kf7 70. Rd6 Kg6 71. Rb6 Bd3 72. Rb8 Bc4 73. Rc8 Bd3 74. Rc5 b4 75. Rd5 Bc2 76. Rc5 b3 77. Rb5 Bd1 78. Ke3 Bc2 79. Kf4 Bd1 80. Ke3 Bc2 81. Kd2 Kf7 82. Kc3 Kg6 83. Kd2 Kf7 84. Rxh5 Kg6 85. Rb5 f5 86. Ke3 Kh5 87. Rb4 Bd1 88. Kf2 Bc2 89. Kg3 Bd1 90. Rb8 Bc2 91. Rh8+ Kg6 92. Rb8 Kh5 93. Kf4 Kg6 94. Rb4 Kh5 95. Rb6 Bd1 96. Rb4 Bc2 0-1


[Site "https://www.chess.com"]

[Event "Titled Tuesday Blitz May 9 Early 2023"]
[White "Castillo Pena, Patricia Evarista"]
[Black "Umarov, Sabir"]
[WhiteFideId "6412106"]
[BlackFideId "14200538"]
[WhiteElo "1919"]
[BlackElo "2352"]
[Result "0-1"]
[Round "05"]
[TimeControl "180+2"]
[Date "2023.05.09"]
[WhiteClock "0:00:00"]
[BlackClock "0:00:26"]

1. d4 g6 2. e4 Bg7 3. Nf3 c6 4. Nc3 d5 5. exd5 cxd5 6. Be2 Nf6 7. O-O O-O 8. h3 Nc6 9. a3 Ne4 10. Be3 Nxc3 11. bxc3 Na5 12. Rb1 Qc7 13. Qd2 Bf5 14. Nh4 Bd7 15. Bd3 Rac8 16. Qe1 Rfe8 17. Nf3 b6 18. Bd2 f6 19. Qc1 e5 20. dxe5 fxe5 21. Bb5 Nc4 22. Bxc4 Qxc4 23. Re1 Bf5 24. Rb4 Qc6 25. Nh4 e4 26. Nxf5 gxf5 27. c4 d4 28. Bg5 Qg6 29. Kh1 Rc6 30. Qd2 Rec8 31. Bf4 h6 0-1


[Site "https://www.chess.com"]

[Event "Titled Tuesday Blitz May 9 Early 2023"]
[White "Viasus, Juan Diego"]
[Black "Ardila, Oscar Humberto"]
[WhiteFideId "4464346"]
[BlackFideId "4404742"]
[WhiteElo "1249"]
[BlackElo "1918"]
[Result "0-1"]
[Round "05"]
[TimeControl "180+2"]
[Date "2023.05.09"]
[WhiteClock "0:02:08"]
[BlackClock "0:02:21"]

1. d4 Nf6 2. Bf4 g6 3. Nc3 Bg7 4. e4 d6 5. Qd2 Nbd7 6. O-O-O h6 7. f3 c6 8. Bc4 b5 9. Bb3 a5 10. a4 b4 11. Nb1 Ba6 12. Ne2 Qb6 13. Rhe1 c5 14. e5 Nh5 15. exd6 c4 16. dxe7 cxb3 17. cxb3 Rc8+ 18. Nec3 bxc3 0-1


[Site "https://www.chess.com"]

[Event "Titled Tuesday Blitz May 9 Early 2023"]
[White "Panico, Nick"]
[Black "Womacka, Mathias"]
[WhiteFideId "2026724"]
[BlackFideId "4611390"]
[WhiteElo "1982"]
[BlackElo "2377"]
[Result "0-1"]
[Round "05"]
[TimeControl "180+2"]
[Date "2023.05.09"]
[WhiteClock "0:01:27"]
[BlackClock "0:01:08"]

1. f4 c5 2. e4 d5 3. e5 Nc6 4. Nf3 Bg4 5. Be2 f6 6. exf6 exf6 7. O-O Bd6 8. g3 Nge7 9. Na3 O-O 10. c4 d4 11. d3 Nf5 12. Nc2 Re8 13. a3 h5 14. Kg2 h4 15. Rb1 Qd7 16. b4 Bh3+ 17. Kg1 Bxf1 18. Qxf1 hxg3 19. b5 Nce7 20. Bd2 Ng6 21. Qh3 Rxe2 0-1


[Site "https://www.chess.com"]

[Event "Titled Tuesday Blitz May 9 Early 2023"]
[White "KorolDimitriy75"]
[Black "Mayaud, Raphael"]
[BlackFideId "627151"]
[WhiteElo "2447"]
[BlackElo "2191"]
[Result "0-1"]
[Round "05"]
[TimeControl "180+2"]
[Date "2023.05.09"]
[WhiteClock "0:00:00"]
[BlackClock "0:00:08"]

1. d4 Nf6 2. c4 c5 3. d5 b5 4. Nd2 bxc4 5. e4 e6 6. Bxc4 exd5 7. exd5 d6 8. Ne2 Be7 9. O-O O-O 10. Nc3 Nbd7 11. Nde4 Nb6 12. Be2 Bb7 13. Nxf6+ Bxf6 14. Bf3 Re8 15. Bf4 Be5 16. Bg3 Rb8 17. Qd3 Qc8 18. Rfe1 Ba6 19. Qc2 Bxg3 20. hxg3 Qd7 21. b3 h6 22. Qd2 Rxe1+ 23. Rxe1 Re8 24. Re3 Rxe3 25. Qxe3 Kf8 26. Qe4 g6 27. Qf4 Kg7 28. Ne4 Nxd5 29. Qxd6 Qxd6 30. Nxd6 Nb4 31. a3 Nc2 32. a4 Nd4 33. Bd5 f5 34. f3 Kf6 35. Bc4 Bxc4 36. Nxc4 Nxb3 37. Kf2 Ke6 38. Ke3 Kd5 39. Kd3 Nc1+ 40. Kc3 Ne2+ 41. Kb3 Nxg3 42. Ne3+ Kc6 43. Nc4 Ne2 44. Ne5+ Kd5 45. Nxg6 Nf4 46. Nxf4+ Kd4 0-1


[Site "https://www.chess.com"]

[Event "Titled Tuesday Blitz May 9 Early 2023"]
[White "Zhou, Qiyu"]
[Black "Ramirez Vido, Robert Yorisan"]
[WhiteFideId "505161"]
[BlackFideId "3513823"]
[WhiteElo "2101"]
[BlackElo "2422"]
[Result "0-1"]
[Round "05"]
[TimeControl "180+2"]
[Date "2023.05.09"]
[WhiteClock "0:00:00"]
[BlackClock "0:00:15"]

1. d4 g6 2. e4 d6 3. Be3 Nf6 4. f3 c6 5. Qd2 Nbd7 6. Nc3 b5 7. O-O-O Nb6 8. g4 b4 9. Nb1 a5 10. Bh6 Bxh6 11. Qxh6 Qc7 12. h4 Rg8 13. Nh3 c5 14. Ng5 cxd4 15. Rxd4 Be6 16. Nxh7 Nxh7 17. Qxh7 Rf8 18. Bb5+ Bd7 19. Bxd7+ Nxd7 20. h5 gxh5 21. gxh5 Rc8 22. Rd2 Qc5 0-1


[Site "https://www.chess.com"]

[Event "Titled Tuesday Blitz May 9 Early 2023"]
[White "Goswami, Vedant"]
[Black "Benmesbah, Natacha"]
[WhiteFideId "5003725"]
[BlackFideId "642002"]
[WhiteElo "2011"]
[BlackElo "2263"]
[Result "0-1"]
[Round "05"]
[TimeControl "180+2"]
[Date "2023.05.09"]
[WhiteClock "0:00:00"]
[BlackClock "0:00:06"]

1. b3 e5 2. Bb2 Nc6 3. e3 d5 4. Bb5 Bd6 5. Nf3 Bg4 6. h3 Bxf3 7. Qxf3 Nf6 8. Nc3 e4 9. Qe2 O-O 10. Bxc6 bxc6 11. d3 Be5 12. O-O Qe7 13. d4 Bd6 14. Na4 Ne8 15. c4 Qg5 16. Rac1 f5 17. cxd5 cxd5 18. Nc5 Qg6 19. f4 exf3 20. Qxf3 Nf6 21. Ne6 Rfe8 22. Nxc7 Re4 23. Nxa8 f4 24. exf4 Rxf4 25. Qe3 Re4 26. Rc8+ Kf7 27. Qf3 Qg5 28. Bc1 Qh4 29. Nc7 h6 30. Nxd5 Rxd4 31. Nxf6 gxf6 32. Be3 Rd3 33. Rd8 Ke7 34. Rxd6 Rxd6 35. Bf4 Re6 36. Qg3 Qxg3 37. Bxg3 Re2 38. Rf2 Re1+ 39. Kh2 Rb1 40. Re2+ Kf7 41. Bf4 h5 42. h4 Kg6 43. Kg3 Kf5 44. Rf2 Rd1 45. Be3+ Kg6 46. b4 Rd3 47. Kf3 Ra3 48. Kf4 Ra4 49. Rb2 a5 50. Bc5 axb4 0-1


[Site "https://www.chess.com"]

[Event "Titled Tuesday Blitz May 9 Early 2023"]
[White "Todorovic, Bojan"]
[Black "Deepak, Katiyar"]
[WhiteFideId "917087"]
[BlackFideId "5026792"]
[WhiteElo "2266"]
[BlackElo "2069"]
[Result "1/2-1/2"]
[Round "05"]
[TimeControl "180+2"]
[Date "2023.05.09"]
[WhiteClock "0:00:35"]
[BlackClock "0:00:17"]

1. d4 d5 2. c4 e6 3. Nc3 Nf6 4. cxd5 exd5 5. Bg5 Be7 6. e3 c6 7. Bd3 O-O 8. Qc2 h6 9. Bf4 Nbd7 10. h3 Re8 11. Nf3 Bb4 12. O-O Qe7 13. a3 Bd6 14. Bxd6 Qxd6 15. b4 Qe7 16. Rfd1 Ne4 17. Bxe4 dxe4 18. Nd2 f5 19. Nc4 Nf6 20. b5 Be6 21. Ne5 c5 22. Ng6 Qf7 23. d5 Qxg6 24. dxe6 Rxe6 25. Qb3 Qf7 26. Na4 b6 27. Nb2 Re7 28. Qxf7+ Kxf7 29. Nc4 Rd7 30. Rxd7+ Nxd7 31. a4 Ke7 32. a5 bxa5 33. Rxa5 Rb8 34. Rxa7 Rxb5 35. Ne5 Rb1+ 36. Kh2 Rd1 37. Rc7 Rd5 38. Nxd7 Rxd7 39. Rxc5 Ke6 1/2-1/2


[Site "https://www.chess.com"]

[Event "Titled Tuesday Blitz May 9 Early 2023"]
[White "Howell, David W L"]
[Black "Nastase, Robert-Paul"]
[WhiteFideId "410608"]
[BlackFideId "1221175"]
[WhiteElo "2567"]
[BlackElo "2175"]
[Result "1-0"]
[Round "05"]
[TimeControl "180+2"]
[Date "2023.05.09"]
[WhiteClock "0:00:54"]
[BlackClock "0:00:01"]

1. d4 Nf6 2. c4 e6 3. Nf3 c5 4. d5 d6 5. Nc3 exd5 6. cxd5 g6 7. Nd2 Nbd7 8. e4 Bg7 9. Be2 O-O 10. O-O Re8 11. a4 Ne5 12. Re1 g5 13. Nf1 h6 14. Ng3 Ng6 15. Bb5 Re7 16. Bd2 a6 17. Bf1 b6 18. Rb1 Qc7 19. b4 c4 20. Qc2 Bd7 21. b5 a5 22. Rbc1 Rc8 23. f3 Ne5 24. Be3 Nh7 25. Qf2 Rb8 26. Kh1 Ree8 27. Bd4 Rf8 28. Nb1 Rb7 29. Nd2 f5 30. Nxc4 Nxc4 31. Rxc4 Qd8 32. Bxg7 Kxg7 33. Qd4+ Nf6 34. exf5 Re8 35. Re6 Bxe6 36. fxe6 1-0


[Site "https://www.chess.com"]

[Event "Titled Tuesday Blitz May 9 Early 2023"]
[White "Larina, Maria"]
[Black "Iskusnyh, Sergei"]
[WhiteFideId "24113182"]
[BlackFideId "4120027"]
[WhiteElo "1848"]
[BlackElo "2492"]
[Result "0-1"]
[Round "05"]
[TimeControl "180+2"]
[Date "2023.05.09"]
[WhiteClock "0:00:02"]
[BlackClock "0:00:20"]

1. e4 e6 2. d4 d5 3. Nc3 Nf6 4. Bg5 dxe4 5. Nxe4 Nbd7 6. Nf3 h6 7. Nxf6+ Nxf6 8. Bh4 c5 9. Bb5+ Bd7 10. Bxd7+ Qxd7 11. c3 cxd4 12. Ne5 Qd5 13. Qa4+ b5 14. Qxd4 Qxd4 15. cxd4 Bd6 16. O-O Bxe5 17. dxe5 Nd5 18. Rac1 Kd7 19. Rc5 a6 20. Rc2 Rhc8 21. Rd2 Rc4 22. Bg3 Rac8 23. Rfd1 Rc1 24. Kf1 Rxd1+ 25. Rxd1 Rc2 26. Rb1 Kc6 27. a3 Kc5 28. f3 Ne3+ 29. Kg1 Rxg2+ 30. Kh1 Rc2 31. b4+ Kc4 32. Bf4 Nd5 33. Bg3 Kd3 34. Be1 Ke3 35. Rd1 Kxf3 36. Bh4 g5 37. Bg3 Ne3 38. Re1 h5 0-1


[Site "https://www.chess.com"]

[Event "Titled Tuesday Blitz May 9 Early 2023"]
[White "Kiseljova, Marya"]
[Black "Sharma, Dinesh K."]
[WhiteFideId "4155009"]
[BlackFideId "5004110"]
[WhiteElo "1831"]
[BlackElo "2334"]
[Result "0-1"]
[Round "05"]
[TimeControl "180+2"]
[Date "2023.05.09"]
[WhiteClock "0:00:00"]
[BlackClock "0:00:21"]

1. d4 Nf6 2. c4 g6 3. Nc3 Bg7 4. e4 d6 5. Nf3 O-O 6. h3 Na6 7. Be2 e5 8. d5 Nc5 9. Qc2 a5 10. O-O Bd7 11. Be3 b6 12. b3 h6 13. a3 Nfxe4 14. Nxe4 Nxe4 15. Qxe4 Bf5 16. Qh4 g5 17. Qg3 Bg6 18. h4 f5 19. Bxg5 hxg5 20. Nxg5 Qf6 21. Ne6 Rf7 22. h5 Bh7 23. f4 Kh8 24. fxe5 dxe5 25. Rae1 Bh6 26. Qh3 Rg8 27. Kh1 f4 28. Bf3 Bf5 29. Qh2 Rg3 30. Be4 Rxb3 31. Bxf5 Qxf5 32. Rf3 Rb2 33. Ref1 e4 34. Rh3 e3 35. Rhf3 Qe4 36. Re1 e2 37. Qh4 Rd2 38. Qd8+ Kh7 39. Qh4 Rd1 40. Kh2 Rxe1 41. Qxe1 Rf5 42. Rf2 Qe5 43. Rxe2 Rxh5+ 44. Kg1 Qf5 45. Nxf4 Bxf4 46. Re7+ Kg6 47. Re8 Rh7 48. Re6+ Kg5 49. g3 Bd6 50. Qe3+ Kh5 51. Qe2+ Qg4 0-1


[Site "https://www.chess.com"]

[Event "Titled Tuesday Blitz May 9 Early 2023"]
[White "Sanhueza, Cristian"]
[Black "Acikel, Mert"]
[WhiteFideId "116815"]
[BlackFideId "12956465"]
[WhiteElo "2174"]
[BlackElo "2097"]
[Result "1-0"]
[Round "05"]
[TimeControl "180+2"]
[Date "2023.05.09"]
[WhiteClock "0:02:08"]
[BlackClock "0:01:43"]

1. e4 e5 2. Nf3 Nc6 3. Bb5 a6 4. Ba4 Nf6 5. d4 exd4 6. O-O Be7 7. e5 Ne4 8. Re1 Nc5 9. Bxc6 dxc6 10. Nxd4 Ne6 11. Nf5 Qxd1 12. Rxd1 Bd7 13. Nc3 Rd8 14. Be3 h6 15. Ne4 b6 16. a4 a5 17. c3 Nf8 18. Nxg7# 1-0


[Site "https://www.chess.com"]

[Event "Titled Tuesday Blitz May 9 Early 2023"]
[White "Ciuffoletti, Paolo"]
[Black "Michelle Catherina, P"]
[WhiteFideId "807630"]
[BlackFideId "5005736"]
[WhiteElo "2143"]
[BlackElo "2049"]
[Result "0-1"]
[Round "05"]
[TimeControl "180+2"]
[Date "2023.05.09"]
[WhiteClock "0:00:10"]
[BlackClock "0:00:48"]

1. e4 e5 2. Nf3 Nc6 3. Bc4 Nf6 4. d4 exd4 5. Ng5 d5 6. exd5 Qe7+ 7. Kf1 Ne5 8. Qxd4 Nxc4 9. Qxc4 h6 10. Nf3 Qc5 11. Qxc5 Bxc5 12. Bf4 Nxd5 13. Bg3 Bf5 14. Nc3 Nxc3 15. bxc3 O-O-O 16. Kg1 Bxc2 17. h3 Be4 18. Ne5 Bd5 19. Kh2 f6 20. Nd3 Bb6 21. Nf4 Bc6 22. Rhe1 h5 23. Kg1 h4 24. Bh2 Rd2 25. Re2 Rhd8 26. Rae1 g5 27. Ne6 Rxe2 0-1


[Site "https://www.chess.com"]

[Event "Titled Tuesday Blitz May 9 Early 2023"]
[White "Parizek, Vojtech"]
[Black "Carrasco Miranda, Andres"]
[WhiteFideId "360996"]
[BlackFideId "3405990"]
[WhiteElo "2115"]
[BlackElo "2183"]
[Result "1-0"]
[Round "05"]
[TimeControl "180+2"]
[Date "2023.05.09"]
[WhiteClock "0:00:14"]
[BlackClock "0:00:03"]

1. e4 e5 2. Nf3 Nc6 3. Bb5 Nf6 4. O-O Nxe4 5. d4 Nd6 6. dxe5 Nxb5 7. a4 Nbd4 8. Nxd4 d6 9. Nxc6 bxc6 10. Re1 Be7 11. Nc3 O-O 12. Bf4 Rb8 13. b3 Rb4 14. Bg3 d5 15. Ne2 c5 16. Nf4 Bb7 17. Qe2 Bg5 18. e6 Re4 19. Qg4 Qf6 20. Rad1 Bxf4 21. Rxe4 dxe4 22. Bxf4 fxe6 23. Be3 c4 24. h3 cxb3 25. cxb3 Bd5 26. Rc1 c6 27. Bxa7 Qb2 28. Be3 Rxf2 29. Bxf2 Qxc1+ 30. Kh2 e3 31. Qf4 Qf1 32. Qb8+ Kf7 33. Qc7+ Ke8 34. Qc8+ Ke7 35. Qc7+ Kf6 36. Qf4+ Ke7 37. Bh4+ g5 38. Bxg5+ Kd7 39. Qxf1 1-0


[Site "https://www.chess.com"]

[Event "Titled Tuesday Blitz May 9 Early 2023"]
[White "Vaglio Munoz, Jaime"]
[Black "Necula, Iulian"]
[WhiteFideId "6500145"]
[BlackFideId "1232380"]
[WhiteElo "2199"]
[BlackElo "1790"]
[Result "1-0"]
[Round "05"]
[TimeControl "180+2"]
[Date "2023.05.09"]
[WhiteClock "0:01:01"]
[BlackClock "0:00:06"]

1. d4 d6 2. e4 Nf6 3. Nc3 Nbd7 4. f3 e5 5. Be3 c6 6. Qd2 b5 7. g4 h6 8. h4 b4 9. Nce2 a5 10. Bg2 Bb7 11. c3 exd4 12. cxd4 Be7 13. g5 hxg5 14. hxg5 Rxh1 15. Bxh1 Nh7 16. f4 Qc7 17. Rc1 Nhf8 18. f5 f6 19. g6 Nb6 20. b3 Qd7 21. Nf4 d5 22. Nge2 Bd6 23. Nd3 dxe4 24. Bxe4 Nd5 25. Nc5 Bxc5 26. Rxc5 Qd6 27. Nf4 Nxf4 28. Bxf4 Qd7 29. Qe3 O-O-O 30. Rc4 Re8 31. d5 Rxe4 32. Qxe4 Kd8 33. dxc6 Qe7 1-0


[Site "https://www.chess.com"]

[Event "Titled Tuesday Blitz May 9 Early 2023"]
[White "Nugumanov, Bakhtiyar"]
[Black "Stead, Kerry"]
[WhiteFideId "13701797"]
[BlackFideId "3202577"]
[WhiteElo "2209"]
[BlackElo "1997"]
[Result "1-0"]
[Round "05"]
[TimeControl "180+2"]
[Date "2023.05.09"]
[WhiteClock "0:00:13"]
[BlackClock "0:00:00"]

1. Nf3 d5 2. g3 c5 3. Bg2 Nc6 4. d4 cxd4 5. Nxd4 Nf6 6. O-O e5 7. Nxc6 bxc6 8. c4 Be6 9. Nc3 Qd7 10. Qa4 Rc8 11. Bg5 d4 12. Rfd1 c5 13. Bxf6 Qxa4 14. Nxa4 gxf6 15. b3 Bd6 16. e3 Ke7 17. exd4 cxd4 18. Rac1 h5 19. c5 Bc7 20. h4 Rhg8 21. Bf3 Bg4 22. Kg2 f5 23. Re1 Bxf3+ 24. Kxf3 e4+ 25. Kg2 Kf6 26. Kf1 Ba5 27. Red1 Rgd8 28. c6 Rd6 29. Rc4 d3 30. b4 Bd8 31. b5 a6 32. b6 Rcxc6 33. b7 Bc7 34. Rxc6 Rxc6 35. Rb1 Bb8 36. Rb6 Rxb6 37. Nxb6 1-0


[Site "https://www.chess.com"]

[Event "Titled Tuesday Blitz May 9 Early 2023"]
[White "Flis, Pawel"]
[Black "Quirke, Jeffrey"]
[WhiteFideId "1112864"]
[BlackFideId "2013029"]
[WhiteElo "1822"]
[BlackElo "2204"]
[Result "0-1"]
[Round "05"]
[TimeControl "180+2"]
[Date "2023.05.09"]
[WhiteClock "0:00:00"]
[BlackClock "0:00:08"]

1. e4 Nf6 2. e5 Nd5 3. d4 d6 4. c4 Nb6 5. exd6 exd6 6. Nc3 Be7 7. Bd3 Bf6 8. Nge2 Nc6 9. Be3 Nb4 10. Bb1 O-O 11. a3 Nc6 12. O-O a5 13. Bd3 d5 14. c5 Nd7 15. Rb1 Nxc5 16. dxc5 d4 17. Nxd4 Nxd4 18. Ne4 Be5 19. Ng5 h6 20. Qh5 Bf5 21. Bxf5 Nxf5 22. Nh7 Nxe3 23. Nxf8 Bxh2+ 24. Kxh2 Nxf1+ 25. Rxf1 Kxf8 26. Rd1 Qe7 27. g3 Rd8 28. Rxd8+ Qxd8 29. Qf5 g6 30. Qe4 c6 31. Qf4 Qd5 32. Qxh6+ Kg8 33. Qe3 a4 0-1


[Site "https://www.chess.com"]

[Event "Titled Tuesday Blitz May 9 Early 2023"]
[White "Barria Santos, Jose Guilherme"]
[Black "Hartikainen, Jarmo"]
[WhiteFideId "1939300"]
[BlackFideId "503134"]
[WhiteElo "2266"]
[BlackElo "2100"]
[Result "1-0"]
[Round "05"]
[TimeControl "180+2"]
[Date "2023.05.09"]
[WhiteClock "0:01:18"]
[BlackClock "0:00:16"]

1. e4 c5 2. Nf3 Nc6 3. d4 cxd4 4. Nxd4 Nf6 5. Nc3 d6 6. Bg5 Bd7 7. Qd2 a6 8. O-O-O e6 9. f4 Be7 10. Bc4 Qc7 11. Bb3 O-O-O 12. Rhe1 Kb8 13. e5 dxe5 14. Nxc6+ Bxc6 15. Qf2 Rxd1+ 16. Nxd1 exf4 17. Bxf4 Bd6 18. Bxd6 Qxd6 19. Ne3 Rd8 20. g3 Nd5 21. Ng4 h5 22. Ne5 f6 23. Nf7 Qc7 24. Nxd8 Qxd8 25. Rd1 Qc7 26. Kb1 Qe5 27. Bxd5 Bxd5 28. Qf4 Qxf4 29. gxf4 g5 30. f5 g4 31. fxe6 Bxe6 32. Rd6 Bc8 33. Rxf6 h4 34. Rg6 Kc7 35. Rh6 h3 36. Kc1 Bd7 37. Kd2 Bc6 38. Rg6 Bf3 39. Rg5 Kd6 40. Ke3 Ke6 41. Kf4 Kf6 42. Rxg4 Bxg4 43. Kxg4 Ke5 44. Kxh3 Ke4 45. Kg4 Ke3 46. h4 Kd2 47. h5 Kxc2 48. h6 Kxb2 49. h7 Kxa2 50. h8=Q b5 51. Kf3 b4 52. Ke2 b3 53. Qg8 Ka3 54. Kd2 a5 55. Kc1 a4 56. Qf8+ Ka2 57. Qf2+ Ka1 58. Qb2# 1-0


[Site "https://www.chess.com"]

[Event "Titled Tuesday Blitz May 9 Early 2023"]
[White "Cramling Bellon, Anna"]
[Black "Putri, Regita Desyari"]
[WhiteFideId "32009232"]
[BlackFideId "7109083"]
[WhiteElo "1976"]
[BlackElo "1930"]
[Result "0-1"]
[Round "05"]
[TimeControl "180+2"]
[Date "2023.05.09"]
[WhiteClock "0:00:00"]
[BlackClock "0:00:08"]

1. e3 d5 2. d3 Nf6 3. Ne2 c5 4. Ng3 Nc6 5. Nd2 e5 6. Nb3 Be7 7. Be2 O-O 8. O-O Be6 9. e4 Rc8 10. exd5 Nxd5 11. Ne4 Nd4 12. c3 Nxe2+ 13. Qxe2 Qd7 14. Be3 b6 15. Rfd1 f5 16. Ng5 f4 17. Nxe6 Qxe6 18. Bd2 f3 19. Qe4 fxg2 20. c4 Nf4 21. Bxf4 Rxf4 22. Qd5 Qxd5 23. cxd5 Rd8 24. Kxg2 Rxd5 25. f3 Rf8 26. a4 a5 27. Rd2 Rfd8 28. Rad1 Bg5 29. Re2 Rxd3 30. Rxd3 Rxd3 31. Rxe5 Rxb3 32. Rxg5 Rxb2+ 33. Kg3 Rb4 34. Rd5 h6 35. Rd8+ Kh7 36. Rb8 c4 37. h4 c3 38. Rc8 Rb3 39. h5 Rb4 40. Rxc3 Rxa4 41. Rb3 Rb4 42. Ra3 a4 43. Kf2 b5 44. Ke2 Kg8 45. Kd2 Kf7 46. Kc3 Rf4 47. Kb2 Kf6 48. Rd3 Kg5 49. Rd5+ Rf5 0-1


[Site "https://www.chess.com"]

[Event "Titled Tuesday Blitz May 9 Early 2023"]
[White "rionelG"]
[Black "Kowalysko, Roman"]
[BlackFideId "30918510"]
[WhiteElo "2197"]
[BlackElo "2093"]
[Result "1-0"]
[Round "05"]
[TimeControl "180+2"]
[Date "2023.05.09"]
[WhiteClock "0:00:57"]
[BlackClock "0:00:10"]

1. e4 c5 2. g3 d5 3. exd5 Qxd5 4. Nf3 Bg4 5. Bg2 Qe4+ 6. Kf1 Nc6 7. h3 Bxf3 8. Bxf3 Qg6 9. d3 Nf6 10. Nc3 e6 11. Bf4 Be7 12. a4 O-O 13. a5 Nd4 14. Bxb7 Rab8 15. Bxb8 Rxb8 16. a6 Nh5 17. Ne2 Bd6 18. Nxd4 cxd4 19. Qf3 Bxg3 20. fxg3 Nxg3+ 21. Kg2 Nxh1+ 22. Kxh1 e5 23. b4 Qd6 24. b5 h6 25. Qc6 Qe7 26. b6 Qh4 27. Qf3 axb6 28. a7 Rd8 29. a8=Q Rxa8 30. Rxa8+ Kh7 31. Be4+ g6 32. Qxf7# 1-0


[Site "https://www.chess.com"]

[Event "Titled Tuesday Blitz May 9 Early 2023"]
[White "Srebrnic, Ana"]
[Black "Ankudinova, Yelena"]
[WhiteFideId "14603314"]
[BlackFideId "13702114"]
[WhiteElo "2181"]
[BlackElo "1937"]
[Result "0-1"]
[Round "05"]
[TimeControl "180+2"]
[Date "2023.05.09"]
[WhiteClock "0:00:15"]
[BlackClock "0:01:17"]

1. d4 d5 2. Bf4 Nf6 3. e3 c5 4. c3 Nc6 5. Nd2 Qb6 6. Qb3 c4 7. Qc2 g6 8. Ngf3 Bf5 9. Qc1 Bg7 10. Nh4 Bd7 11. Nhf3 O-O 12. Be2 Nh5 13. Bg3 Nxg3 14. hxg3 Qc7 15. b3 b5 16. Ng5 h6 17. Ngf3 e5 18. dxe5 Nxe5 19. Nxe5 Qxe5 20. Bf3 Be6 21. Rb1 Qxc3 22. Qxc3 Bxc3 23. Ke2 Kg7 24. Rhd1 Bf5 25. e4 Rfe8 26. Kf1 dxe4 27. Be2 Bxd2 28. Rxd2 e3 0-1


[Site "https://www.chess.com"]

[Event "Titled Tuesday Blitz May 9 Early 2023"]
[White "Maluco_do_Natal_00"]
[Black "Smietanska, Wiktoria"]
[BlackFideId "21869359"]
[WhiteElo "2015"]
[BlackElo "1995"]
[Result "1-0"]
[Round "05"]
[TimeControl "180+2"]
[Date "2023.05.09"]
[WhiteClock "0:00:08"]
[BlackClock "0:00:00"]

1. e4 c5 2. Nf3 d6 3. d4 cxd4 4. Nxd4 Nf6 5. Nc3 a6 6. Be3 e5 7. Nb3 Be6 8. Qd2 Nbd7 9. f3 b5 10. g4 Be7 11. g5 Nh5 12. Nd5 Bxd5 13. Qxd5 Rc8 14. Qd2 Qc7 15. O-O-O Nb6 16. Na5 Nc4 17. Nxc4 bxc4 18. Qc3 O-O 19. Kb1 a5 20. Rg1 Rb8 21. Qxc4 Qb7 22. b3 Rfc8 23. Qa4 Qc7 24. Bd3 Rb4 25. Qa3 d5 26. Qb2 d4 27. Bd2 Rb7 28. Rc1 1-0


[Site "https://www.chess.com"]

[Event "Titled Tuesday Blitz May 9 Early 2023"]
[White "Ismayilova, Khanim"]
[Black "Lakshmi C"]
[WhiteFideId "13429019"]
[BlackFideId "25035347"]
[WhiteElo "1633"]
[BlackElo "1942"]
[Result "1-0"]
[Round "05"]
[TimeControl "180+2"]
[Date "2023.05.09"]
[WhiteClock "0:01:34"]
[BlackClock "0:00:00"]

1. c4 e6 2. Nc3 f5 3. e3 Nf6 4. d4 d6 5. Nf3 Be7 6. Bd3 O-O 7. O-O b6 8. b3 Bb7 9. Bb2 Nbd7 10. Nd2 h6 11. Re1 c5 12. dxc5 Nxc5 13. Bc2 Qc8 14. b4 Qc6 15. Nf3 Ncd7 16. Qd3 e5 17. Ba4 Qc7 18. Qe2 Ne4 19. Nxe4 Bxe4 20. Bb3 Kh8 21. Nd2 Bb7 22. e4 f4 23. Nf3 Bf6 24. Rac1 g5 25. h3 Bg7 26. Red1 Nf6 27. c5 dxc5 28. Bxe5 Qc8 29. Bd5 Bxd5 30. exd5 Re8 31. Qb2 1-0


[Site "https://www.chess.com"]

[Event "Titled Tuesday Blitz May 9 Early 2023"]
[White "Sjugirov, Sanan"]
[Black "Carlsen, Magnus"]
[WhiteFideId "4189302"]
[BlackFideId "1503014"]
[WhiteElo "2569"]
[BlackElo "2852"]
[Result "0-1"]
[Round "06"]
[TimeControl "180+2"]
[Date "2023.05.09"]
[WhiteClock "0:00:00"]
[BlackClock "0:01:28"]

1. e4 e6 2. d4 a6 3. Nf3 h6 4. Bd3 d6 5. c3 Nd7 6. Nbd2 b6 7. Nf1 Bb7 8. Ng3 g6 9. O-O Bg7 10. Re1 e5 11. a4 Ngf6 12. h3 O-O 13. d5 c6 14. dxc6 Bxc6 15. c4 a5 16. Bc2 Nc5 17. b3 Re8 18. Nd2 Ra7 19. Nb1 h5 20. Nc3 Rd7 21. Bg5 Ne6 22. Be3 h4 23. Nge2 Nh5 24. Qd2 Nhf4 25. Rad1 Qg5 26. Bxf4 exf4 27. f3 Be5 28. Nd5 Bxd5 29. Qxd5 Qf6 30. Kh1 Kg7 31. Qb5 Nc5 32. Qxb6 Ra8 33. Qc6 Rb8 34. Qd5 Rdb7 35. Nc1 Rc7 36. Nd3 Nxd3 37. Qxd3 Rc5 38. Qe2 Bc3 39. Rf1 Rg5 40. Rd3 Bb4 41. Rfd1 Bc5 42. Rd5 Re8 43. Rxg5 Qxg5 44. Qe1 Bb4 45. Qf2 Re5 46. Bd3 Bc5 47. Qe1 Qg3 48. Qxa5 Bg1 49. Qxe5+ dxe5 50. Kxg1 g5 51. Rf1 g4 52. hxg4 h3 53. Rf2 h2+ 0-1


[Site "https://www.chess.com"]

[Event "Titled Tuesday Blitz May 9 Early 2023"]
[White "Beerdsen, Thomas"]
[Black "Bortnyk, Olexandr"]
[WhiteFideId "1030108"]
[BlackFideId "14120828"]
[WhiteElo "2549"]
[BlackElo "2734"]
[Result "0-1"]
[Round "06"]
[TimeControl "180+2"]
[Date "2023.05.09"]
[WhiteClock "0:01:55"]
[BlackClock "0:00:14"]

1. e4 Nf6 2. Nc3 d6 3. d4 e5 4. Nf3 Nbd7 5. g4 Nxg4 6. Rg1 Ngf6 7. Bc4 exd4 8. Qxd4 Nc5 9. e5 Qe7 10. Be3 dxe5 11. Nxe5 Be6 12. Bxe6 Qxe6 13. O-O-O Bd6 14. Nc4 O-O-O 15. Nxd6+ cxd6 16. Nb5 Qxa2 17. Bf4 Qa1+ 18. Kd2 Qa5+ 19. Nc3 Nfe4+ 20. Ke2 Rhe8 21. Kf1 Nxc3 22. bxc3 Re4 23. Qd2 Qb5+ 24. Kg2 Ne6 25. Bg3 Re2 26. Qd3 Qxd3 27. cxd3 Kd7 28. Ra1 a6 29. Rgb1 Kc7 30. Ra5 Rc2 31. c4 Rc3 32. d4 Nxd4 33. c5 Nb5 34. cxd6+ Kd7 35. Re1 Re8 36. Rd1 Re6 37. Ra4 g6 38. Rh4 h5 39. Rb4 f5 40. Kh3 g5 41. f4 h4 42. fxg5 hxg3 43. hxg3 Rxd6 44. Rf1 Rdd3 45. Rxf5 Rxg3+ 46. Kh4 Rh3+ 47. Kg4 Rcg3+ 48. Kf4 Rf3+ 49. Kg4 Rhg3+ 50. Kh4 Rxf5 51. Rxb5 Rxb5 0-1


[Site "https://www.chess.com"]